Map: Ulrena

Players

Enoks

  • Race: Protoss Protoss
  • League: Gold

capac - Winner!

  • Race: Terran Terran
  • League: Gold

VOD

Have the link to the VOD?

Description

Time

  • Played on: May 1, 2016, 2:25 p.m.
  • Length: 11:05
Show
View Real Time Build Order
Export as new Build Order

Enoks Protoss 

Build Orders: 1 Gate Expand 

Get SALT Encoding   

  12  0:01  Probe (Chrono Boost)  
  13  0:12  Probe (Chrono Boost)  
  14  0:18  Pylon  
  14  0:24  Probe (Chrono Boost)  
  15  0:36  Probe (Chrono Boost)  
  15  0:39  Gateway  
  16  0:47  Probe (Chrono Boost)  
  17  0:50  Assimilator  
  17  0:57  Probe (Chrono Boost)  
  18  1:08  Probe (Chrono Boost)  
  19  1:18  Probe (Chrono Boost)  
  20  1:27  Cybernetics Core  
  20  1:44  Nexus  
  20  1:47  Probe (Chrono Boost)  
  21  1:57  Pylon  
  21  1:59  Probe (Chrono Boost)  
  22  2:09  Probe (Chrono Boost)  
  22  2:12  Warp Gate  
  22  2:15  Stalker  
  25  2:20  Probe (Chrono Boost)  
  25  2:22  Assimilator  
  26  2:30  Probe (Chrono Boost)  
  27  2:41  Mothership Core (Chrono Boost)  
  29  2:44  Pylon  
  29  2:58  Probe x2 (Chrono Boost)  
  30  2:59  Stalker (Chrono Boost)  
  33  3:08  Probe  
  33  3:09  Probe  
  35  3:15  Robotics Facility  
  35  3:21  Gateway  
  35  3:26  Probe  
  35  3:28  Gateway  
  35  3:31  Probe  
  37  3:45  Adept (Chrono Boost)  
  39  3:50  Probe  
  39  3:52  Probe  
  41  3:59  Pylon  
  41  4:01  Probe  
  42  4:04  Probe  
  42  4:05  Pylon  
  42  4:09  Twilight Council  
  43  4:18  Probe, Observer  
  43  4:20  Probe  
  46  4:29  Probe  
  47  4:32  Probe  
  47  4:37  Stalker  
  50  4:39  Adept x2  
  50  4:40  Observer  
  50  4:42  Probe  
  50  4:44  Probe  
  57  4:48  Pylon  
  57  4:50  Pylon  
  57  4:51  Assimilator  
  57  4:53  Resonating Glaives  
  57  4:54  Assimilator  
  57  5:01  Immortal  
  61  5:07  Probe  
  61  5:08  Probe  
  63  5:16  Stalker x2  
  63  5:17  Probe  
  63  5:18  Adept  
  63  5:20  Probe  
  71  5:27  Gateway x2  
  71  5:32  Gateway  
  71  5:37  Pylon  
  71  5:39  Pylon  
  71  5:45  Immortal  
  75  5:53  Stalker, Adept  
  75  5:57  Adept  
  81  6:09  Forge  
  81  6:11  Forge  
  81  6:22  Templar Archives  
  81  6:27  Probe  
  81  6:29  Probe  
  83  6:33  Charge  
  83  6:37  Probe  
  84  6:40  Stalker x3  
  84  6:41  Probe  
  84  6:45  Protoss Ground Armor Level 1  
  84  6:46  Protoss Ground Weapons Level 1  
  91  6:55  Immortal  
  95  7:11  Photon Cannon  
  95  7:20  Photon Cannon  
  95  7:21  Stalker x2  
  99  7:27  Pylon  
  99  7:30  Pylon  
  99  7:36  Immortal  
  76  7:55  Adept x3  
  76  7:56  Adept x2  
  76  7:57  Adept  
  62  8:17  Stalker  
  62  8:18  Stalker x3  
  62  8:19  Stalker x2  
  60  8:43  Stalker  
  60  8:44  Stalker x2  
  60  8:45  Adept  
  60  8:46  Adept x2  
  72  8:51  Immortal  
  76  9:14  Adept x3  
  76  9:15  Adept x3  
  88  9:18  Probe  
  88  9:20  Probe  
  90  9:29  Probe  
  90  9:32  Probe  
  81  10:01  Stalker x2  
  81  10:02  Adept x3  
  91  10:07  Nexus  
  90  10:23  Immortal  
  94  10:31  Pylon  
  94  10:33  Pylon  
  94  10:36  Pylon  
  94  10:37  Pylon  
  94  10:50  High Templar  
  94  10:51  High Templar  
  94  10:52  High Templar x2  
  94  10:55  Archon  
  102  10:57  Archon  
Show
View Real Time Build Order
Export as new Build Order

capac Terran - Winner!

Build Orders: MMM Bio 

Get SALT Encoding   

  12  0:01  SCV  
  13  0:13  SCV  
  14  0:18  Supply Depot  
  14  0:25  SCV  
  15  0:40  SCV  
  15  0:41  Barracks  
  16  0:45  Refinery  
  16  0:52  SCV  
  17  1:04  SCV  
  18  1:16  SCV  
  19  1:28  SCV  
  20  1:41  Reaper  
  20  1:43  Command Center  
  21  1:48  Orbital Command  
  21  1:59  Supply Depot  
  20  2:15  SCV  
  21  2:16  Factory  
  21  2:18  Refinery  
  21  2:21  Marine  
  22  2:31  SCV  
  22  2:35  Barracks  
  23  2:43  SCV  
  24  2:45  Barracks Reactor  
  24  2:55  Bunker  
  24  2:57  Orbital Command  
  24  3:01  SCV  
  24  3:04  Factory Tech Lab  
  25  3:15  Starport  
  25  3:17  SCV  
  26  3:39  SCV  
  26  3:45  Barracks Tech Lab  
  26  3:46  Siege Tank  
  26  3:48  Barracks  
  29  3:49  SCV  
  29  3:54  Marine x2  
  32  3:58  SCV  
  33  4:05  SCV  
  33  4:07  Marine  
  35  4:10  Stimpack  
  35  4:14  Medivac  
  37  4:23  Supply Depot  
  37  4:25  SCV  
  37  4:26  SCV  
  37  4:28  Marine x3  
  42  4:38  Barracks, Barracks Reactor  
  42  4:43  Siege Tank  
  45  4:46  Marine x2  
  45  4:47  Supply Depot  
  45  4:50  SCV x2  
  49  4:58  Marine  
  50  5:02  SCV  
  50  5:05  Starport Reactor  
  50  5:06  SCV  
  52  5:08  Marine x2  
  52  5:10  Supply Depot  
  55  5:14  SCV  
  55  5:18  SCV  
  55  5:19  Refinery, Marine  
  55  5:20  Marine x2  
  59  5:26  SCV  
  59  5:27  Supply Depot  
  60  5:30  SCV  
  60  5:32  Siege Tank, Barracks Reactor  
  60  5:33  Supply Depot, Barracks  
  64  5:38  SCV  
  65  5:43  SCV  
  65  5:44  Marine x3  
  65  5:45  Refinery, Marine  
  70  5:51  Medivac x2  
  70  5:54  Supply Depot  
  74  6:01  Supply Depot, SCV  
  74  6:02  SCV  
  76  6:08  Siege Tank  
  79  6:15  Marine x3  
  79  6:16  Marine x3  
  85  6:19  Supply Depot  
  85  6:23  Supply Depot  
  85  6:30  SCV x2  
  87  6:38  Command Center  
  87  6:45  Liberator x2  
  87  6:49  SCV x2  
  87  6:50  Marine x5  
  87  6:51  Barracks Tech Lab  
  94  6:54  Combat Shields  
  100  7:17  Marine x5  
  100  7:18  Marauder  
  100  7:19  Marauder  
  109  7:22  Supply Depot  
  89  7:59  Marine x4  
  89  8:00  Marine x2  
  89  8:01  Marauder  
  87  8:19  Marine  
  86  8:20  Marine x5  
  86  8:21  Marauder  
  88  8:40  Marine x3  
  88  8:41  Marine x3  
  91  8:42  Marauder x2  
  96  8:58  Marine x4  
  96  9:02  Medivac x2  
  104  9:04  Marine x2, Siege Tank  
  104  9:05  Marine x2  
  110  9:36  Siege Tank  
  110  9:37  Marine x2  
  110  9:38  Marine x5  
  117  9:39  Marauder  
  117  9:40  Medivac x2  
  117  9:41  SCV x2  
  117  9:43  Orbital Command  
  122  9:53  SCV  
  122  9:57  Marauder  
  125  10:26  Marine x3  
  125  10:27  Marine x4  
  125  10:28  Marauder  
  134  10:44  Marine x4  
  134  10:45  Marine x2  
Tags
 
Composition
MMM Bio
League
GoldGold
Matchup
PvT
Add a new tag
Caveats
  • Supply blocks, unpowered buildings, or Contaminate may cause inaccurate times.
  • Supply counts are checked every 10 seconds.